 Dungeon Sprint DCSS version 0.21.1-1-g345015f (webtiles) character file.

1059 equalderp2856 the Cleaver (level 8, -3/78 HPs)
             Began as a Minotaur Fighter on May 16, 2018.
             Slain by a troll (7 damage)
             ... in the Dungeon (Sprint IX: "|||||||||||||||||||||||||||||").
             The game lasted 00:01:48 (742 turns).

equalderp2856 the Cleaver (Minotaur Fighter)         Turns: 742, Time: 00:01:48

Health: -3/78      AC:  5    Str: 21    XL:     8   Next: 6%
Magic:  7/7        EV: 12    Int:  5    God:
Gold:   0          SH: 11    Dex: 12    Spells: 7/7 levels left

rFire    . . .     SeeInvis .   s - +3 war axe (chop)
rCold    . . .     Gourm    .   c - +0 shield
rNeg     . . .     Faith    .   r - +2 ring mail
rPois    .         Spirit   .   (helmet restricted)
rElec    .         Reflect  .   (no cloak)
rCorr    .         Harm     .   (no gloves)
MR       .....     NoTele   +   (no boots)
Stlth    +.........             (no amulet)
HPRegen  0.23/turn              (no ring)
MPRegen  0.10/turn              (no ring)

@: corroded, very slightly contaminated, invisible
A: retaliatory headbutt, horns 2
a: no special abilities


You were in the Dungeon.
You were not hungry.

You visited 1 branch

Inventory:

Hand Weapons
 a - a +0 war axe
 s - a +3 war axe of chopping (weapon)
Armour
 b - a +0 scale mail
 c - a +0 shield (worn)
 r - a +2 ring mail (worn)
Jewellery
 p - a +3 ring of dexterity
 q - a +2 ring of protection
Wands
 o - a wand of acid (10)
Scrolls
 k - 2 scrolls of blinking
 m - 3 scrolls of remove curse
 n - 2 scrolls of amnesia
Potions
 g - a potion of heal wounds
 i - 4 potions of magic
 j - a potion of berserk rage
 l - 3 potions of curing
Comestibles
 f - a ration


   Skills:
 + Level 9.6 Fighting
 + Level 12.1 Axes
 + Level 11.5 Armour
 + Level 5.1 Dodging
 + Level 1.8 Stealth
 + Level 8.3 Shields


You had 7 spell levels left.
You didn't know any spells.

Dungeon Overview and Level Annotations

Branches:
Dungeon (1/1)

Altars:
Cheibriados
Dithmenos
Elyvilon
Fedhas
Gozag
Hepliaklqana
Kikubaaqudgha
Makhleb
Nemelex Xobeh
Okawaru
Qazlal
Ru
Sif Muna
Trog
Uskayaw
Vehumet
Wu Jian
Xom
Yredelemnul
Zin
The Shining One
Beogh
Jiyva
Lugonu


Innate Abilities, Weirdness & Mutations

You reflexively headbutt those who attack you in melee.
You have a pair of horns on your head.


Message History

You slash the howler monkey!
You kill the howler monkey!
You slash the troll!
The troll is heavily wounded.
The troll closely misses you. x2; You block the troll's attack.
You barely miss the troll. You headbutt the troll.
The troll is heavily wounded.
You block the troll's attack. The troll closely misses you.
The troll claws you.
You hit the troll.
The troll is heavily wounded.
The troll bites you!
* * * LOW HITPOINT WARNING * * *
The troll claws you!
* * * LOW HITPOINT WARNING * * *
The troll closely misses you.
You completely miss the troll. You headbutt the troll.
The troll is severely wounded.
The troll bites you!
You die...

▓.▓
▓.▓
▓.▓
▓.▓
▓.▓
▓.▓
▓T▓
▓@▓
▓.▓
▓.▓
▓.▓
▓.▓
▓.▓
▓)▓
▓.▓
▓.▓


You could see a troll.

Vanquished Creatures
  An ugly thing (D)
  A wraith (D)
  A wyvern (D)
  2 ogres (D)
  A scorpion (D)
  2 howler monkeys (D)
  A hound (D)
  An iguana (D)
  An adder (D)
  2 shadow imps (D)
  2 oozes (D)
  2 leopard geckos (D)
  An orc (D)
  A bat (D)
  A hobgoblin (D)
  A giant cockroach zombie (D)
21 creatures vanquished.

Notes
Turn   | Place    | Note
-------+----------+-------------------------------------------
     0 | D        | equalderp2856 the Minotaur Fighter began the quest for the Orb.
     0 | D        | Reached XP level 1. HP: 19/19 MP: 0/0
    13 | D        | Reached XP level 2. HP: 20/28 MP: 1/1
   190 | D        | Noticed a howler monkey
   198 | D        | Reached skill level 5 in Fighting
   198 | D        | Reached skill level 3 in Axes
   198 | D        | Reached skill level 5 in Armour
   198 | D        | Reached skill level 5 in Shields
   210 | D        | Killed a howler monkey
   210 | D        | Reached skill level 4 in Axes
   210 | D        | Reached skill level 1 in Dodging
   210 | D        | Reached XP level 3. HP: 19/37 MP: 2/2
   214 | D        | Reached XP level 4. HP: 20/44 MP: 3/3
   379 | D        | Found a roughly hewn altar of Beogh.
   379 | D        | Found a snail-covered altar of Cheibriados.
   379 | D        | Found a shadowy altar of Dithmenos.
   379 | D        | Found a white marble altar of Elyvilon.
   379 | D        | Found a blossoming altar of Fedhas.
   379 | D        | Found an opulent altar of Gozag.
   380 | D        | Found a hazy altar of Hepliaklqana.
   381 | D        | Found a viscous altar of Jiyva.
   382 | D        | Found an ancient bone altar of Kikubaaqudgha.
   383 | D        | Found a corrupted altar of Lugonu.
   384 | D        | Found a burning altar of Makhleb.
   385 | D        | Found a sparkling altar of Nemelex Xobeh.
   386 | D        | Found an iron altar of Okawaru.
   387 | D        | Found a stormy altar of Qazlal.
   388 | D        | Found a sacrificial altar of Ru.
   389 | D        | Found a deep blue altar of Sif Muna.
   390 | D        | Found a bloodstained altar of Trog.
   391 | D        | Found a hide-covered altar of Uskayaw.
   392 | D        | Found a radiant altar of Vehumet.
   393 | D        | Found an ornate altar of the Wu Jian Council.
   394 | D        | Found a shimmering altar of Xom.
   395 | D        | Found a basalt altar of Yredelemnul.
   396 | D        | Found a glowing silver altar of Zin.
   397 | D        | Found a glowing golden altar of the Shining One.
   494 | D        | Noticed an ogre
   494 | D        | Noticed a wyvern
   494 | D        | Noticed a wraith
   501 | D        | Reached skill level 5 in Axes
   511 | D        | Killed a wraith
   511 | D        | Reached skill level 8 in Axes
   511 | D        | Reached XP level 5. HP: 41/53 MP: 4/4
   511 | D        | Reached XP level 6. HP: 47/61 MP: 5/5
   520 | D        | Killed a wyvern
   520 | D        | Reached skill level 9 in Axes
   522 | D        | Reached skill level 10 in Axes
   522 | D        | Reached skill level 10 in Armour
   722 | D        | Noticed a troll
   722 | D        | Noticed a purple ugly thing
   724 | D        | Reached XP level 7. HP: 54/69 MP: 6/6
   732 | D        | Killed a cyan ugly thing
   732 | D        | Reached skill level 11 in Axes
   732 | D        | Reached skill level 1 in Stealth
   733 | D        | Reached skill level 12 in Axes
   733 | D        | Reached skill level 5 in Dodging
   736 | D        | Reached XP level 8. HP: 31/78 MP: 7/7
   741 | D        | HP: 3/78 [troll (13)]
   742 | D        | Slain by a troll

Skill      XL: |  1  2  3  4  5  6  7 |
---------------+----------------------+-----
Fighting       | 4 5 6 7 8 9 |  9.6
Armour         | 4 6 9 10 11 | 11.5
Shields        | 4 5 7 8 |  8.3
Axes           | 4 8 10 12 | 12.1
Dodging        | 1 2 4 5 |  5.1
Stealth        | 1 |  1.8

Action                   |  1- 3 |  4- 6 |  7- 9 || total
-------------------------+-------+-------+-------++-------
Melee: War axe           |    42 |    27 |    17 ||    86
       Headbutt          |     7 |     6 |     5 ||    18
  Use: Potion            |     1 |     5 |     1 ||     7
 Stab: Invisible         |       |       |     3 ||     3
Armor: Scale mail        |    13 |       |       ||    13
       Ring mail         |       |     5 |     1 ||     6
Dodge: Dodged            |    10 |     8 |     6 ||    24
Block: Shield            |    19 |     8 |     5 ||    32
